 Dungeon Crawl Stone Soup version 0.26-a0-812-g31a745ddcd (webtiles) character file.

Game seed: 7346695639126302018

11 Lanoc the Vexing (level 2, 0/16 HPs)
             Began as a Deep Elf Arcane Marksman on Nov 19, 2020.
             Slain by a kobold
             ... wielding a +2 short sword of protection
              (7 damage)
             ... on level 3 of the Dungeon.
             The game lasted 00:00:50 (484 turns).

Lanoc the Vexing (Deep Elf Arcane Marksman)          Turns: 484, Time: 00:00:50

Health: 0/16       AC:  2    Str:  7    XL:     2   Next: 17%
Magic:  5/6        EV: 13    Int: 17    God:
Gold:   59         SH:  0    Dex: 15    Spells: 3/4 levels left

rFire    . . .     SeeInvis .   a - +0 shortbow
rCold    . . .     Faith    .   (shield currently unavailable)
rNeg     . . .     Spirit   .   e - +0 robe
rPois    .         Reflect  .   (no helmet)
rElec    .         Harm     .   (no cloak)
rCorr    .         Rampage  .   (no gloves)
MR       .....                  (no boots)
Stlth    +.........             (no amulet)
HPRegen  0.05/turn              (no ring)
MPRegen  0.10/turn              (no ring)

@: no status effects
A: no striking features
a: no special abilities


You were on level 3 of the Dungeon.
You visited 1 branch of the dungeon, and saw 3 of its levels.

You collected 59 gold pieces.

Inventory:

Hand Weapons
 a - a +0 shortbow (weapon)
Missiles
 d - 2 arrows (quivered)
Armour
 e - a +0 robe (worn)
Scrolls
 b - a scroll of remove curse {unknown}
 c - a scroll of identify {unknown}
 f - a scroll of blinking {unknown}
 h - 2 scrolls of enchant armour {unknown}
 k - a scroll of amnesia {unknown}
Potions
 g - 2 potions of magic {unknown}
 i - a potion of heal wounds {unknown}
 j - a potion of curing {unknown}


   Skills:
 + Level 1.0 Fighting
 * Level 3.2 Bows
 + Level 2.6 Dodging
 - Level 1.5 Spellcasting
 + Level 4.2 Hexes


You had 3 spell levels left.
You knew the following spells:

 Your Spells              Type           Power        Failure   Level
a - Corona                Hex            ###....      3%          1

Your spell library contained the following spells:

 Spells                   Type           Power        Failure   Level
 Slow                     Hex            ###.....     5%          2
 Inner Flame              Hex/Fire       #.......     26%         3
 Portal Projectile        Hex/Tloc       #.....       26%         3
 Cause Fear               Hex            ###.......   34%         4
 Leda's Liquefaction      Hex/Erth       #.........   65%         4


Dungeon Overview and Level Annotations

Branches:
Dungeon (3/15)

Altars:
Elyvilon
Yredelemnul


Message History

Aiming: Corona (safe; 3% risk of failure)
Press: ? - help, Shift-Dir - straight line, f/p - kobold
Aim: a kobold, wielding a +2 short sword of protection (moderately wounded, chance to defeat MR: 69%)
The kobold is outlined in light.
The kobold hits you with a +2 short sword of protection.
You are too injured to fight recklessly!
Firing (i - inventory)
d - 4 arrows (quivered)
Press: ? - help, Shift-Dir - straight line, f/p - kobold
Aim: a kobold, wielding a +2 short sword of protection (moderately wounded, softly glowing)
You shoot an arrow.
The arrow hits the kobold but does no damage.
The kobold is moderately wounded.
The kobold hits you but does no damage.
Firing (i - inventory)
d - 3 arrows (quivered)
Press: ? - help, Shift-Dir - straight line, f/p - kobold
Aim: a kobold, wielding a +2 short sword of protection (moderately wounded, softly glowing)
You shoot an arrow. The arrow hits the kobold.
The kobold is severely wounded.
The kobold hits you with a +2 short sword of protection!
You die...

########
#..#...#
#....#.#
#..#.###.#
#.. #'# #.#
. ###.# #.#
###...# #.#
#.@.### #.#
#..K### #.#
#((# #.#
##( #.# #
#.# #######
#.# #......
#.###.....#
#.........#
#.###.....#


You could see a kobold (corona).

Vanquished Creatures
  2 dart slugs (D:1)
  A leopard gecko (D:1)
  A goblin (D:1)
  A kobold (D:3)
  A bat (D:3)
  A frilled lizard (D:1)
7 creatures vanquished.

Notes
Turn   | Place    | Note
-------+----------+-------------------------------------------
     0 | D:1      | Lanoc the Deep Elf Arcane Marksman began the quest for the
                  | Orb.
     0 | D:1      | Reached XP level 1. HP: 11/11 MP: 5/5
    46 | D:1      | Reached skill level 1 in Fighting
    47 | D:1      | Reached XP level 2. HP: 12/16 MP: 6/6
   266 | D:3      | Found a white marble altar of Elyvilon.
   321 | D:3      | Found a basalt altar of Yredelemnul.
   484 | D:3      | Slain by a kobold

Illustrated notes

Levels and vault maps discovered:
D:1:      psy_arrival_whirlpool, layout_loops_cross, item_on_display_a
D:2:      layout_rooms, grunt_gozag_breadcrumbs, lemuel_doored_altar,
          overflow_temple_1_default
D:3:      minmay_razor_zed, layout_loops_ring, kennysheep_ying_yang

Skill      XL: |  1 |
---------------+----+-----
Bows           | 3 |  3.2
Fighting       | 1 |  1.0
Dodging        | |  2.6
Spellcasting   | |  1.5
Hexes          | |  4.2

Action                   || total
-------------------------++-------
 Fire: Shortbow          ||    34
 Cast: Corona            ||     1
Armor: Robe              ||     2
Dodge: Dodged            ||    11

Table legend: (Time is in decaauts)
 A = Elapsed time spent in this place.
 B = Non-inter-level travel time spent in this place.
 C = Inter-level travel time spent in this place.
 D = Time resting spent in this place.
 E = Time spent auto-exploring this place.
 F = Levels seen in this place.
 G = Mean time per level.
                   A        B        C        D        E       F      G
               +--------+--------+--------+--------+--------+-----+--------+
         Total |    489 |    468 |     21 |      0 |    405 |   3 |  163.0 |
       Dungeon |    489 |    468 |     21 |      0 |    405 |   3 |  163.0 |
               +--------+--------+--------+--------+--------+-----+--------+

Top non-repeatable levels by time:
     D:3: 265 daAuts
     D:1: 200 daAuts
     D:2: 23 daAuts
